 Dungeon Crawl Stone Soup version 0.22-a0-160-gcc81d7a (webtiles) character file.

49 Borgoz the Skirmisher (level 3, -4/33 HPs)
             Began as a Hill Orc Abyssal Knight on Feb 10, 2018.
             Was a Follower of Lugonu.
             Slain by Terence
             ... wielding a +0 morningstar
              (10 damage)
             ... on level 2 of the Dungeon.
             The game lasted 00:02:15 (1413 turns).

Borgoz the Skirmisher (Hill Orc Abyssal Knight)     Turns: 1413, Time: 00:02:16

Health: -4/33      AC:  3    Str: 11 (14) XL:     3   Next: 77%
Magic:  5/5        EV: 11    Int: 10 (12) God:    Lugonu [*.....]
Gold:   50         SH:  0    Dex: 10 (11) Spells: 2/2 levels left

rFire    . . .     SeeInvis .   a - +1 hand axe
rCold    . . .     Gourm    .   (no shield)
rNeg     . . .     Faith    .   b - +0 leather armour
rPois    .         Spirit   .   (no helmet)
rElec    .         Reflect  .   (no cloak)
rCorr    .         Harm     .   (no gloves)
MR       .....                  (no boots)
Stlth    +.........             (no amulet)
HPRegen  0.11/turn              (no ring)
MPRegen  0.09/turn              (no ring)

@: lethally poisoned (-4 -> -8)
A: no striking features
a: Depart the Abyss, Renounce Religion


You were on level 2 of the Dungeon.
You worshipped Lugonu.
Lugonu was aware of your devotion.
You were not hungry.

You visited 1 branch of the dungeon, and saw 2 of its levels.
You visited the Abyss 1 time.

You collected 50 gold pieces.

Inventory:

Hand Weapons
 a - a +1 hand axe (weapon)
Armour
 b - a +0 leather armour (worn)
Scrolls
 d - a scroll of enchant weapon {unknown}
 e - a scroll of random uselessness {unknown}
 f - a scroll of magic mapping {unknown}
 h - a scroll of noise {unknown}
Comestibles
 c - 3 rations
 g - 2 chunks of flesh


   Skills:
 + Level 4.3 Fighting
 + Level 3.4 Axes
 + Level 3.0 Armour
 + Level 1.0 Dodging
 + Level 2.8 Invocations


You had 2 spell levels left.
You didn't know any spells.

Dungeon Overview and Level Annotations

Branches:
Dungeon (2/15)

Altars:

Annotations:
D:2 1 runed door, Terence


Message History

You closely miss Terence.
Terence is heavily wounded.
Terence closely misses you.
You aren't carrying any potions.
You hit Terence but do no damage.
Terence is heavily wounded.
You feel sick. Terence hits you with a morningstar.
You hit Terence but do no damage.
Terence is heavily wounded.
Terence hits you with a morningstar.
* * * LOW HITPOINT WARNING * * *
You barely miss Terence.
Terence is heavily wounded.
You feel sick. Terence hits you with a morningstar.
* * * LOW HITPOINT WARNING * * *
Okay, then.
You hit Terence.
Terence is severely wounded.
Terence hits you with a morningstar!
You die...

.###..###.# #.
.###......###.##
......#####.....
.###### #..... # .#
########..... .# ##
#.....##.....##.# ##
#.....##........# .#
#.....# #@# .#
#.....# #####@### .#
#.....# #.......#
.#####.### #.###.#.#
...# #.# #.##..#.#
.#.###.### #.##.##.#
.........# #.##.##.#
....####.###.......#
....##..........####
.(.....#.########


You could see Terence.

Vanquished Creatures
  A gnoll (D:1)
  2 adders (D:2)
  2 leopard geckos (D:1)
  5 bats
  2 goblins
  3 kobolds
  A ball python (D:2)
  2 frilled lizards (D:1)
  4 rats
22 creatures vanquished.

Notes
Turn   | Place    | Note
-------+----------+-------------------------------------------
     0 | Abyss:1  | Borgoz the Hill Orc Abyssal Knight began the quest for the Orb.
     0 | Abyss:1  | Reached XP level 1. HP: 19/19 MP: 2/2
    49 | Abyss:2  | Noticed a tentacled starspawn
    51 | Abyss:2  | Noticed a small abomination
    53 | D:1      | Escaped the Abyss
   328 | D:1      | HP: 1/20 [leopard gecko (1)]
   341 | D:1      | Reached skill level 4 in Fighting
   341 | D:1      | Reached XP level 2. HP: 3/27 MP: 4/4
   348 | D:1      | HP: 2/40 [leopard gecko (1)]
   370 | D:1      | Reached * piety under Lugonu
   795 | D:1      | Reached XP level 3. HP: 30/33 MP: 5/5
  1345 | D:2      | Found a runed door.
  1393 | D:2      | Noticed Terence
  1405 | D:2      | Reached skill level 1 in Dodging
  1413 | D:2      | Slain by Terence

Vault maps used:
D:1:      dpeg_arrival_simpleton_a
D:2:      uniq_crazy_yiuf_cottage, uniq_terence

Skill      XL: |  1  2  3 |
---------------+----------+-----
Fighting       | 4 |  4.3
Axes           | 3 |  3.4
Armour         | 3 |  3.0
Dodging        | 1 |  1.0
Invocations    | |  2.8

Action                   || total
-------------------------++-------
Melee: Hand axe          ||   105
Invok: Depart the Abyss  ||     1
  Use: Potion            ||     3
  Eat: Chunk             ||     2
Armor: Skin              ||    31
       Leather armour    ||    23
Dodge: Dodged            ||    71

Table legend:
 A = Spawn XP
 B = Non-spawn XP
 C = Spawn XP percentage of total XP
 D = Spawn monster count
 E = Non-spawn monster count
 F = Spawn count percentage of total count
 G = Total turns spent on level
                    A         B        C        D         E        F      G
               +---------+---------+-------+---------+---------+-------+---------
         Total |       0 |      71 |   0.0 |       0 |      22 |   0.0 |  1413
               +---------+---------+-------+---------+---------+-------+---------
           D:1 |       0 |      37 |   0.0 |       0 |      14 |   0.0 |   932
           D:2 |       0 |      34 |   0.0 |       0 |       8 |   0.0 |   428
               +---------+---------+-------+---------+---------+-------+---------
